 Dungeon Crawl Stone Soup version 0.30-a0-1075-gcd70e7a56d (webtiles) character file.

Game seed: 5060835066335521637

616 LustLizard the Gusty (level 7, 0/39 HPs)
             Began as a Deep Elf Air Elementalist on Apr 14, 2023.
             Slain by an ogre
             ... wielding a +0 giant club
              (33 damage)
             ... on level 5 of the Dungeon.
             The game lasted 00:21:09 (5009 turns).

LustLizard the Gusty (Deep Elf Air Elementalist)    Turns: 5009, Time: 00:21:10

Health: 0/39       AC:  4    Str:  7    XL:     7   Next: 21%
Magic:  12/15      EV: 12    Int: 20    God:
Gold:   246        SH:  5    Dex: 15    Spells: 5/15 levels left

rFire   + + .      SeeInvis .    f - staff of conjuration
rCold   . . .      Faith    .    (no shield)
rNeg    . . .      Spirit   .    s - +0 robe {Will+}
rPois   .          Reflect  +    w - +0 helmet
rElec   .          Rampage  .    (no cloak)
rCorr   .                        v - +0 pair of gloves
Will    +....                    (no boots)
Stlth   +++                      z - amulet of reflection
HPRegen 0.26/turn                t - ring of protection from fire
MPRegen 0.14/turn                A - ring of protection from fire

@: brilliant, sluggish, very slow
A: no striking features
a: no special abilities


You were on level 5 of the Dungeon.
You visited 1 branch of the dungeon, and saw 5 of its levels.

You collected 246 gold pieces.

Inventory:

Missiles
 c - 5 poisoned darts
Armour
 e - a +0 leather armour
 s - a +0 robe of willpower (worn)
 v - a +0 pair of gloves (worn)
 w - a +0 helmet (worn)
 y - a +0 buckler
Magical Staves
 f - a staff of conjuration (weapon)
Jewellery
 t - a ring of protection from fire (left hand)
 z - an amulet of reflection (around neck)
 A - a ring of protection from fire (right hand)
Scrolls
 a - a scroll of vulnerability {unknown}
 d - a scroll of enchant armour {unknown}
 g - 3 scrolls of identify
 i - a scroll of teleportation
 j - 2 scrolls of fear {unknown}
 m - a scroll of magic mapping {unknown}
 n - a scroll of poison {unknown}
 o - a scroll of blinking {unknown}
 p - a scroll of silence {unknown}
 x - a scroll of butterflies
Potions
 b - a potion of magic
 h - a potion of might
 k - a potion of flight {unknown}
 l - a potion of mutation
 q - a potion of brilliance
 r - 3 potions of curing


   Skills:
 + Level 1.9 Fighting
 - Level 2.4 Dodging
 + Level 4.2 Stealth
 + Level 0.5 Shields
 + Level 4.6 Spellcasting
 * Level 4.1 Conjurations
 * Level 2.5 Translocations
 * Level 4.9 Air Magic


You had 5 spell levels left.
You knew the following spells:

 Your Spells              Type           Power      Damage    Failure   Level
a - Shock                 Conj/Air       100%       1d9       1%          1
b - Static Discharge      Conj/Air       100%       2-7/arc   2%          2
c - Swiftness             Air            36%        N/A       4%          3
d - Iskenderun's Mystic   Conj/Tloc      40%        2d9       30%         4

Your spell library contained the following spells:

 Spells                   Type           Power      Damage    Failure   Level
 Cigotuvi's Dreadful Rot  Necr/Pois/Air  32%        N/A       10%         2
 Dazzling Flash           Conj/Hex       58%        N/A       16%         3
 Airstrike                Air            18%        2d(3-19)  16%         4
 Volatile Blastmotes      Fire/Tloc      28%        2d12      22%         3
 Ignite Poison            Fire/Tmut/Pois 6%         N/A       36%         3
 Freezing Cloud           Conj/Ice/Air   18%        6-21      67%         5
 Starburst                Conj/Fire      14%        6d6       100%        6
 Chain Lightning          Conj/Air       25%        3d34      100%        9
 Fire Storm               Conj/Fire      14%        8d4       100%        9
 Shatter                  Erth           3%         3d7*      100%        9


Dungeon Overview and Level Annotations

Branches:
Dungeon (5/15)
 Temple: D:4-7

Altars:
Wu Jian

Shops:
D:4 (


Message History

Unknown command.
This staircase leads to a travel-excluded area!
Enter next level anyway?
You climb downwards.
You hear the sound of rushing water.
There is an entrance to a sewer on this level.
Hurry and find it before the portal rusts away!
Level annotation: exclusion: steam dragon
There is a stone staircase leading up here.
Press: ? - help, v - describe, . - travel The floor.
Reduced exclusion size to a single square.
Removed exclusion.
Found a ruby potion.
k - a ruby potion An ogre comes into view.
It is wielding a +0 giant club.
The ogre shouts!
You hear the quick rusting of a drain nearby.
Casting: Static Discharge (safe; 2% risk of failure)
Confirm with . or Enter, or press ? or * to list all spells.
You feel quick.
You start to feel a little slower.
You feel sluggish.
You start to feel a little faster.
Aiming: Shock (safe; 1% risk of failure)
Press: ? - help, Q - select action, (/) - cycle Shift-Dir - straight line, f - ogre
Aim: an ogre, wielding a +0 giant club (88% to hit)
Okay, then.
You feel clever all of a sudden.
Casting: Shock (safe; 1% risk of failure)
Confirm with . or Enter, or press ? or * to list all spells.
You feel a strong surge of power!
The ogre is struck by an arc of lightning.
The ogre is lightly wounded.
You are struck by an arc of lightning.
The ogre is struck by an arc of lightning.
The ogre is moderately wounded.
The lightning grounds out.
The ogre hits you with a +0 giant club!!
Ouch! That really hurt!
You die...

#.# #.# #.# #O#
#.# #.# ##.##
###########...#
.......@O....##
###########.##
### . ## .# ..#
.# #.# .# #.#
.# #.# .# ##.##


You could see an ogre.

Vanquished Creatures
  A steam dragon (D:5)
  A phantom (D:4)
  A scorpion (D:5)
  3 hounds (D:4)
  An iguana (D:4)
  Natasha (thrice) (D:2)
  An orc wizard (D:3)
  6 adders
  An ufetubus (D:4)
  2 dart slugs
  4 orcs (D:3)
  6 ball pythons
  7 endoplasms
  6 giant cockroaches
  3 goblins
  9 hobgoblins
  5 jackals (D:2)
  8 kobolds
  2 quokkas (D:1)
  3 bats
  3 frilled lizards (D:1)
  5 rats
81 creatures vanquished.

Notes
Turn   | Place    | Note
-------+----------+-------------------------------------------
     0 | D:1      | LustLizard the Deep Elf Air Elementalist began the quest
                  | for the Orb.
     0 | D:1      | Reached XP level 1. HP: 10/10 MP: 6/6
   238 | D:1      | Reached XP level 2. HP: 15/15 MP: 4/8
   620 | D:1      | Learned a level 2 spell: Static Discharge
  1020 | D:1      | Reached XP level 3. HP: 18/20 MP: 4/9
  1472 | D:2      | Reached XP level 4. HP: 20/24 MP: 3/11
  1638 | D:2      | Noticed Natasha
  1641 | D:2      | Killed Natasha
  1642 | D:2      | Reached skill level 1 in Fighting
  2016 | D:2      | Noticed Natasha
  2026 | D:2      | Killed Natasha
  2371 | D:2      | Noticed Natasha
  2375 | D:2      | Killed Natasha
  2376 | D:2      | Reached XP level 5. HP: 18/29 MP: 7/12
  2423 | D:2      | Learned a level 3 spell: Swiftness
  2704 | D:3      | Learned a level 4 spell: Iskenderun's Mystic Blast
  3583 | D:4      | Reached skill level 1 in Translocations
  3646 | D:4      | Found an ornate altar of the Wu Jian Council.
  3650 | D:4      | Reached XP level 6. HP: 32/34 MP: 11/14
  4049 | D:4      | Found Inapaib's Weapon Emporium.
  4574 | D:5      | Entered Level 5 of the Dungeon
  4760 | D:5      | Noticed a two-headed ogre
  4788 | D:5      | HP: 1/35 [two-headed ogre/+0 giant club (13)]
  4905 | D:5      | Noticed a steam dragon
  4940 | D:5      | Killed a steam dragon
  4941 | D:5      | Reached XP level 7. HP: 18/39 MP: 6/15
  5009 | D:5      | Slain by an ogre

Illustrated notes

Levels and vault maps discovered:
D:1:      giann_bridges, layout_basic, moated_statue
D:2:      layout_loops_ring, minmay_split_cup_large, uniq_natasha
D:3:      layout_basic, minmay_liquid_box
D:4:      layout_loops_ring, nicolae_wu_jian_wuxing_cycle, serial_shops,
          nicolae_shop_bloodbath_and_beyond, dk_noncrumbling_4,
          kennysheep_generic_room_4
D:5:      layout_loops_corners, gup_sewer_entry_spiral, item_on_display_a

Skill      XL: |  1  2  3  4  5  6 |
---------------+-------------------+-----
Conjurations   | 2 3 4 |  4.1
Stealth        | 3 4 |  4.2
Fighting       | 1 |  1.9
Air Magic      | 4 |  4.9
Spellcasting   | 4 |  4.6
Translocations | 1 2 |  2.5
Dodging        | |  2.4
Shields        | |  0.5

Action                     |  1- 3 |  4- 6 |  7- 9 || total
---------------------------+-------+-------+-------++-------
  Melee: Staff             |       |     1 |       ||     1
   Cast: Shock             |    65 |   108 |       ||   173
         Static Discharge  |     2 |    13 |     1 ||    16
         Swiftness         |       |     1 |     1 ||     2
    Use: Scroll            |       |    10 |       ||    10
         Potion            |       |     2 |     1 ||     3
 Armour: Robe              |       |     3 |       ||     3
  Dodge: Dodged            |     4 |    15 |       ||    19
  Block: Other             |       |     1 |       ||     1

Table legend: (Time is in decaauts)
 A = Elapsed time spent in this place.
 B = Non-inter-level travel time spent in this place.
 C = Inter-level travel time spent in this place.
 D = Time resting spent in this place.
 E = Time spent auto-exploring this place.
 F = Levels seen in this place.
 G = Mean time per level.
                   A        B        C        D        E       F      G
               +--------+--------+--------+--------+--------+-----+--------+
         Total |   5010 |   4706 |    304 |    517 |   3257 |   5 | 1002.0 |
       Dungeon |   5010 |   4706 |    304 |    517 |   3257 |   5 | 1002.0 |
               +--------+--------+--------+--------+--------+-----+--------+

Top non-repeatable levels by time:
     D:1: 1225 daAuts
     D:2: 1200 daAuts
     D:4: 1084 daAuts
     D:3: 1072 daAuts
     D:5: 428 daAuts
